AoeStats
← Infadel

Arabia

506276429Analyzed
1v1 RM · 20d ago on Sep 13, 2026· 32m 20s· 2 players
Game mode
Random Map
Map size
Tiny (2 player)
Population
200
Speed
Normal
Resources
Standard
Victory
Conquest
Starting age
Dark Age
Ending age
Imperial Age
RankedLock teamsTeams togetherTeam positionsShared explorationLock speedFull tech treeHidden civsTurbo modeCheats
Victory
Defeat
🇮🇳 Vietnamese · India
956
+15
🇨🇴 Saracens · Colombia
944
-15
Cid Campeador
5:26 Loom
9:14 Feudal Age
10:27 Double-Bit Axe
14:14 Forging
17:15 Gold Mining
17:52 Fletching
19:04 Padded Archer Armor
22:33 Castle Age
21:08 Scale Barding Armor
24:54 Bow Saw
24:27 Horse Collar
25:00 Elite Skirmisher
30:30 Town Watch
32:27 Bodkin Arrow
Infadel
7:03 Loom
7:11 Loom
9:41 Feudal Age
11:06 Double-Bit Axe
15:09 Fletching
17:10 Padded Archer Armor
18:39 Horse Collar
22:13 Castle Age
20:38 Stone Mining
21:53 Gold Mining
22:15 Crossbowman
24:33 Bodkin Arrow
25:20 Town Watch
27:51 Thumb Ring
29:31 Wheelbarrow
31:47 Stone Shaft Mining
Connection lost

Rejoining the realm…

Still unreachable

The connection could not be restored.

Session expired

The server has moved on; the page needs a fresh start.